 Dungeon Crawl Stone Soup version 0.30-a0-134-gb40fab5c76 (webtiles) character file.

Game seed: 5961861499547799761

172 scionoferis the Chopper (level 6, -5/53 HPs)
             Began as a Meteoran Berserker on Sept 19, 2022.
             Was a Believer of Trog.
             Slain by a kobold brigand
             ... wielding a +0 dagger
              (8 damage)
             ... in a sewer.
             The game lasted 00:09:14 (1338 turns).

scionoferis the Chopper (Meteoran Berserker)        Turns: 1338, Time: 00:09:15

Health: -5/53      AC:  2    Str: 20    XL:     6   Next: 9%
Magic:  7/7        EV: 12    Int: 10    God:    Trog [**....]
Gold:   205        SH:  0    Dex: 13    Spells: 5/5 levels left

rFire   . . .      SeeInvis .    a - +0 hand axe
rCold   . . .      Faith    .    (no shield)
rNeg    . . .      Spirit   .    b - +0 animal skin
rPois   .          Reflect  .    (no helmet)
rElec   .          Harm     .    (no cloak)
rCorr   .          Rampage  .    (no gloves)
Will    .....                    (no boots)
Stlth   +.........               (no amulet)
HPRegen 0.17/turn                (no ring)
MPRegen 0.10/turn                (no ring)

@: on berserk cooldown, slowed, glowing, very slow
A: sense surroundings 1, otherworldly, glowing, explore regen
a: Renounce Religion, Berserk, Trog's Hand


You were in a sewer.
You worshipped Trog.
Trog was pleased with you.
You visited 1 branch of the dungeon, and saw 3 of its levels.
You also visited: Sewer.

You collected 205 gold pieces.

Inventory:

Hand Weapons
 a - a +0 hand axe (weapon)
 j - a +0 sling
Missiles
 h - a poisoned dart (quivered)
 o - a curare-tipped dart
Armour
 b - a +0 animal skin (worn)
Scrolls
 c - 2 scrolls of poison
 e - a scroll of identify
 g - 2 scrolls of teleportation
 i - a scroll of butterflies
 m - a scroll of magic mapping
Potions
 d - a potion of ambrosia {unknown}
 k - a potion of lignification {unknown}
 l - a potion of mutation {unknown}
 n - a potion of haste {unknown}


   Skills:
 + Level 4.6 Fighting
 * Level 6.3 Axes
 - Level 2.4 Armour
 - Level 2.4 Dodging


You had 5 spell levels left.
You didn't know any spells.
Your spell library was empty.

Dungeon Overview and Level Annotations

Branches:
Dungeon (3/15) Zot: 598     Sewer (1/1) Zot: 432

Altars:


Innate Abilities, Weirdness & Mutations

You passively map a small area around you.
You are easily found by Zot.
You glow in the dark.
You regain HP and MP as you explore.


Message History

The kobold misses you.
The kobold brigand splashes around in the water.
You completely miss the kobold brigand.
The kobold brigand is lightly wounded.
You hit the kobold.
You feel sick. The kobold barely misses you.
The kobold brigand hits you with a +0 dagger.
* * * LOW HITPOINT WARNING * * *
Unknown command.
Okay, then.
Unknown command.
You feel much better.
You feel sick. The kobold hits you but does no damage.
The kobold brigand closely misses you. The kobold completely misses you.
You closely miss the kobold brigand.
The kobold brigand is lightly wounded.
You closely miss the kobold.
You feel sick.
The kobold brigand hits you with a +0 dagger.
The kobold hits you but does no damage.
The kobold brigand splashes around in the water.
You closely miss the kobold brigand.
The kobold brigand is moderately wounded.
You hit the kobold.
You kill the kobold!
Trog accepts your kill.
You feel sick.
The kobold brigand hits you with a +0 dagger!
* * * LOW HITPOINT WARNING * * *
You feel sick.
You are no longer poisoned.
The kobold brigand looks more healthy.
The kobold brigand hits you with a +0 dagger.
* * * LOW HITPOINT WARNING * * *
The kobold brigand hits you with a +0 dagger.
* * * LOW HITPOINT WARNING * * *
Unknown command.
Okay, then.
Unknown command.
You barely miss the kobold brigand.
The kobold brigand is heavily wounded.
The kobold brigand hits you with a +0 dagger!
You die...

** * * #..~.~~~ ~ ~
~~.~.... ~ #######
*##~..#### #≈≈≈..##
##~~P.~~~~ #≈≈≈..P#* *
#((~.P## ######.##~
#.~†...# * #~~~~~..#~#
#).~...#~#
######..#~####)######~#
*
#≈≈≈....#~##.)@K~~~~#~#
#≈≈≈≈.∩.#~#.~.~######~#
*
#≈≈≈≈.∩.#~#~.~.~~~~.#~#
,
#≈≈≈≈...#~#.........#~#
***
###≈≈≈..†...~~~~†.PP#~##
, #≈≈≈...†..~##~....~..#
~,
####.....~####P.P.#..#
######## ######### ,


You could see a kobold brigand.

Vanquished Creatures
  A kobold brigand (Sewer)
  3 adders
  2 river rats (Sewer)
  2 endoplasms
  5 giant cockroaches
  2 goblins
  3 hobgoblins (D:1)
  A jackal (Sewer)
  2 quokkas
  5 ball pythons
  7 bats
  3 frilled lizards
  10 kobolds
  14 rats
60 creatures vanquished.

Vanquished Creatures (others)
  12 plants
  2 toadstools (D:1)
14 creatures vanquished.

Grand Total: 74 creatures vanquished

Notes
Turn   | Place    | Note
-------+----------+-------------------------------------------
     0 | D:1      | scionoferis the Meteoran Berserker began the quest for the
                  | Orb.
     0 | D:1      | Reached XP level 1. HP: 19/19 MP: 2/2
    91 | D:1      | Reached XP level 2. HP: 24/26 MP: 3/3
    97 | D:1      | Reached skill level 4 in Axes
   341 | D:1      | Found a faded altar of an unknown god.
   493 | D:1      | Glimpsed the power of Zot.
   543 | D:1      | Glimpsed the power of Zot.
   557 | D:2      | Reached XP level 3. HP: 31/31 MP: 4/4
   851 | D:1      | Reached XP level 4. HP: 40/40 MP: 5/5
   930 | D:2      | Reached ** piety under Trog
  1029 | D:2      | Reached skill level 5 in Axes
  1089 | D:2      | Glimpsed the power of Zot.
  1181 | D:3      | Found a glowing drain.
  1188 | Sewer    | Entered a sewer
  1256 | Sewer    | Reached XP level 5. HP: 16/46 MP: 6/6
  1270 | Sewer    | Noticed a kobold brigand
  1290 | Sewer    | Killed a kobold brigand
  1291 | Sewer    | Reached skill level 6 in Axes
  1313 | Sewer    | Reached XP level 6. HP: 12/53 MP: 7/7
  1338 | Sewer    | Slain by a kobold brigand

Illustrated notes

Levels and vault maps discovered:
D:1:      minmay_arrival_diagonal_passages, layout_basic,
          hellmonk_ecumenical_altar_heavens_door, minmay_gold_behind_fungi,
          chequers_big_river
D:2:      layout_basic
D:3:      layout_rooms, okawaru_trees_1, general_overflow_altar,
          portal_sewer_entry_e
Sewer:    sewer_co_scattered_pipes

Skill      XL: |  1  2  3  4  5 |
---------------+----------------+-----
Axes           | 4 5 6 |  6.3
Fighting       | 4 |  4.6
Armour         | |  2.4
Dodging        | |  2.4

Action                   |  1- 3 |  4- 6 || total
-------------------------+-------+-------++-------
Melee: Hand axe          |    85 |   109 ||   194
       Punch             |     6 |     1 ||     7
Throw: Dart              |       |     4 ||     4
Invok: Trog's Hand       |       |     2 ||     2
       Berserk           |       |     1 ||     1
  Use: Scroll            |       |     5 ||     5
       Potion            |       |     2 ||     2
Armor: Animal skin       |    19 |    23 ||    42
Dodge: Dodged            |    54 |    54 ||   108

Table legend: (Time is in decaauts)
 A = Elapsed time spent in this place.
 B = Non-inter-level travel time spent in this place.
 C = Inter-level travel time spent in this place.
 D = Time resting spent in this place.
 E = Time spent auto-exploring this place.
 F = Levels seen in this place.
 G = Mean time per level.
                   A        B        C        D        E       F      G
               +--------+--------+--------+--------+--------+-----+--------+
         Total |   1367 |   1269 |     98 |      0 |      0 |   4 |  341.8 |
       Dungeon |   1201 |   1103 |     98 |      0 |      0 |   3 |  400.3 |
         Sewer |    165 |    165 |      0 |      0 |      0 |   1 |  165.0 |
               +--------+--------+--------+--------+--------+-----+--------+

Top non-repeatable levels by time:
     D:1: 578 daAuts
     D:2: 554 daAuts
   Sewer: 165 daAuts
     D:3: 68 daAuts
